 Dungeon Crawl Stone Soup version 0.17.1-3-g152610e (webtiles) character file.

90 Urist the Gusty (level 4, 0/27 HPs)
             Began as a High Elf Air Elementalist on Apr 7, 2016.
             Succumbed to an adder's poison
             ... on level 2 of the Dungeon.
             The game lasted 00:10:08 (2260 turns).

Urist the Gusty (High Elf Air Elementalist)         Turns: 2260, Time: 00:10:08

Health: 0/27       AC:  4    Str:  7    XL:     4   Next: 32%
Magic:  0/10       EV: 13    Int: 19    God:
Gold:   36         SH:  0    Dex: 16    Spells: 3 memorised, 5 levels left

rFire  . . .     SeeInvis .     (no weapon)
rCold  . . .     Clarity  .     a - +1 robe
rNeg   . . .     SustAt   .     (no shield)
rPois  .         Gourm    .     (no helmet)
rElec  .         Spirit   .     (no cloak)
rCorr  .         Warding  .     (no gloves)
rMut   .         Stasis   .     f - +0 pair of boots
MR     .....                    (no amulet)
Stlth  ++........               (no ring)
                                j - +3 ring of slaying

@: lethally poisoned (0 -> -16), very slightly contaminated, not resistant to
hostile enchantments, unstealthy
A: no striking features
a: no special abilities


You were on level 2 of the Dungeon.
You were not hungry.

You visited 1 branch of the dungeon, and saw 2 of its levels.

You collected 36 gold pieces.

Inventory:

Armour
 a - a +1 robe (worn)
 f - a +0 pair of boots (worn)
Jewellery
 e - a cursed ring of invisibility
 j - a +3 ring of slaying (left hand)
Scrolls
 i - a scroll of fog {unknown}
Potions
 d - 2 potions of curing {unknown}
 g - a potion of heal wounds
 h - a potion of might {unknown}
Books
 b - a book of Air

   Spells                             Type                      Level
   a - Shock                          Conjuration/Air              1
   b - Swiftness                      Charms/Air                   2
   c - Repel Missiles                 Charms/Air                   2
   d - Static Discharge               Conjuration/Air              3
   e - Lightning Bolt                 Conjuration/Air              5
Comestibles
 c - 2 bread rations


   Skills:
 + Level 2.7 Dodging
 + Level 2.7 Stealth
 + Level 3.6 Spellcasting
 + Level 1.8 Conjurations
 + Level 4.4 Air Magic


You had 5 spell levels left.
You knew the following spells:

 Your Spells              Type           Power        Failure   Level  Hunger
a - Shock                 Conj/Air       ###.         4%          1    None
b - Swiftness             Chrm/Air       ##......     10%         2    ##.....
c - Repel Missiles        Chrm/Air       ##....       10%         2    ##.....


Dungeon Overview and Level Annotations

Branches:
Dungeon (2/15)

Altars:
Ashenzari


Message History

The adder barely misses you.
Casting: Shock
Confirm with . or Enter, or press ? or * to list all spells.
Aiming: Shock
Press: ? - help, Shift-Dir - straight line, f/p - adder
Aim: an adder (almost dead)
The zap hits the adder.
The adder is almost dead.
* * * LOW HITPOINT WARNING * * *
You feel sick. The adder closely misses you.
You miss the adder.
The adder is almost dead.
* * * LOW HITPOINT WARNING * * *
You feel sick. The adder bites you.
* * * LOW HITPOINT WARNING * * *
You are more poisoned.
The adder poisons you!
You closely miss the adder.
The adder is almost dead.
You die...

...# #.##.# .### #.##.#
.# #.##.# .# #.##.# .#
#.##.# .## #.##)###
..#####.##...#
..†.......[#.##########
..#####.)......S@..(..#
..#####...#####.#####(#
..g.......# #..####.#
#.####....# #....##.#
#.. .#.#### ###..##.##
#(##...# #.⌠#..#g.#
#.#..[!. .....#...).#
#.#..### ......#.##..#
....# .....#...#..#


You could see an adder.

Vanquished Creatures
  4 gnolls (D:2)
  An ooze (D:1)
  2 worms (D:2)
  5 bats
  5 giant cockroaches
  8 hobgoblins
  A quokka (D:2)
  A ball python (D:1)
  A giant newt (D:2)
  4 goblins
  7 kobolds
  5 rats (D:1)
44 creatures vanquished.

Notes
Turn   | Place    | Note
--------------------------------------------------------------
     0 | D:1      | Urist the High Elf Air Elementalist began the quest for the Orb.
     0 | D:1      | Reached XP level 1. HP: 11/11 MP: 4/4
   351 | D:1      | Reached skill level 4 in Air Magic
   403 | D:1      | Reached XP level 2. HP: 17/17 MP: 3/6
   407 | D:1      | Learned a level 2 spell: Swiftness
  1101 | D:1      | Learned a level 2 spell: Repel Missiles
  1150 | D:1      | Reached XP level 3. HP: 21/21 MP: 5/8
  1771 | D:2      | Found a shattered altar of Ashenzari.
  2037 | D:2      | Reached XP level 4. HP: 18/27 MP: 2/10
  2259 | D:2      | HP: 1/27 [adder (2)]
  2260 | D:2      | Succumbed to an adder's poison

Action                   |  1- 3 |  4- 6 || total
-------------------------+-------+-------++-------
Melee: Unarmed           |     6 |     7 ||    13
 Cast: Shock             |    87 |    19 ||   106
       Swiftness         |     6 |     3 ||     9
  Use: Scroll            |     4 |       ||     4
       Potion            |       |     1 ||     1
  Eat: Bread ration      |     1 |       ||     1
